 Dungeon Crawl Stone Soup version 0.28.0-53-g5a82cb258f (webtiles) character file.

Game seed: 14890162946071803892

810 Zeld the Chopper (level 7, -16/96 HPs)
             Began as a Minotaur Berserker on May 22, 2022.
             Was a Priest of Trog.
             Demolished by an orc warrior
             ... wielding a +0 trident
              (19 damage)
             ... on level 5 of the Dungeon.
             The game lasted 00:03:44 (6615 turns).

Zeld the Chopper (Minotaur Berserker)               Turns: 6615, Time: 00:03:45

Health: -16/96     AC:  8    Str: 26    XL:     7   Next: 61%
Magic:  6/6        EV: 11    Int:  4    God:    Trog [***...]
Gold:   198        SH:  0    Dex:  5    Spells: 6/6 levels left

rFire   . . .      SeeInvis .   a - +0 hand axe
rCold   . . .      Faith    .   (no shield)
rNeg    + . .      Spirit   .   u - +1 ring mail of Lovaevin {+Blink rN+ Str+3 Dex-5}
rPois   +          Reflect  .   (helmet restricted)
rElec   .          Harm     .   q - +0 cloak
rCorr   .          Rampage  .   (no gloves)
Will    .....                   (no boots)
Stlth   ..........              (no amulet)
HPRegen 0.26/turn               f - ring of poison resistance
MPRegen 0.10/turn               (no ring)

@: berserking, very quick
A: horns 2, retaliatory headbutt
a: Renounce Religion, Evoke Blink, Berserk, Trog's Hand


You were on level 5 of the Dungeon.
You worshipped Trog.
Trog was most pleased with you.
You visited 1 branch of the dungeon, and saw 5 of its levels.

You collected 198 gold pieces.

Inventory:

Hand Weapons
 a - a +0 hand axe (weapon)
Armour
 q - a +0 cloak (worn)
 u - the +1 ring mail of Lovaevin (worn) {+Blink rN+ Str+3 Dex-5}
   (You took it off a goblin on level 4 of the Dungeon)

   Str:       It affects your strength (+3).
   Dex:       It affects your dexterity (-5).
   rN:        It protects you from negative energy.
   +Blink:    It lets you blink.
Jewellery
 f - a ring of poison resistance (left hand)
Wands
 s - a wand of flame (24)
Scrolls
 c - a scroll of summoning {unknown}
 d - a scroll of acquirement {unknown}
 e - 2 scrolls of silence {unknown}
 j - a scroll of vulnerability {unknown}
 k - a scroll of enchant weapon {unknown}
 m - 3 scrolls of magic mapping {unknown}
 p - a scroll of noise {unknown}
 r - 2 scrolls of identify {unknown}
Potions
 g - a potion of heal wounds {unknown}
 h - 3 potions of haste {unknown}
 i - a potion of berserk rage {unknown}
 l - 2 potions of mutation {unknown}
 n - a potion of resistance {unknown}
 o - a potion of might {unknown}
 t - a potion of ambrosia {unknown}


   Skills:
 * Level 6.9 Fighting
 * Level 7.0 Axes
 + Level 4.7 Armour
 + Level 4.2 Dodging


You had 6 spell levels left.
You didn't know any spells.
Your spell library was empty.

Dungeon Overview and Level Annotations

Branches:
Dungeon (5/15)
 Temple: D:4-7

Altars:
Makhleb

Shops:
D:1 [


Innate Abilities, Weirdness & Mutations

You have a pair of horns on your head.
You reflexively headbutt those who attack you in melee.


Message History

The orc warrior is severely wounded.
You closely miss the jackal. x2; The jackal barely misses you.
The orc hits you from afar with a +0 trident.
The jackal bites you but does no damage.
You hit the orc warrior but do no damage.
Your headbutt misses the orc warrior.
The orc warrior is severely wounded.
You hit the jackal. You slash the jackal!
You kill the jackal!
Trog accepts your kill.
The jackal bites you but does no damage.
The orc warrior hits you with a +0 trident!
* * * LOW HITPOINT WARNING * * *
The orc hits you but does no damage.
The jackal bites you but does no damage.
You completely miss the orc warrior.
The orc warrior is severely wounded.
You barely miss the jackal. The orc warrior barely misses you.
The orc hits you but does no damage. The jackal barely misses you.
Unknown command.
Unknown command.
You completely miss the orc warrior.
The orc warrior is severely wounded.
You hit the jackal.
You kill the jackal!
Trog accepts your kill.
The orc warrior hits you with a +0 trident!
* * * LOW HITPOINT WARNING * * *
The orc closely misses you.
A red film seems to cover your vision as you go berserk!
You feel yourself moving faster!
You feel mighty! The jackal barely misses you.
The orc warrior hits you with a +0 trident!
* * * LOW HITPOINT WARNING * * *
The orc hits you but does no damage.
The jackal bites you but does no damage.
You hit the orc warrior.
The orc warrior is almost dead.
You closely miss the jackal.
The orc warrior hits you with a +0 trident!!
You die...

.. #.# ... #.#
.#.######.###
............##
.......(.....##
..............# #
.......<......# #.#
...)..........#?..#
.........@h..../#
........[.o.|..##
.......[..o..#.#
............#..#
#..###..##........
##. #..##.#..#####
# ##.##.#.##
###..#.# .##.#


You could see an orc warrior, an orc and a jackal.

Vanquished Creatures
  A water moccasin (D:5)
  A black bear (D:4)
  A phantom (D:4)
  A bullfrog skeleton (D:3)
  2 jellies (D:2)
  A gnoll shaman (D:4)
  3 orc priests
  An iguana (D:4)
  Natasha (thrice) (D:3)
  4 gnolls (D:4)
  9 adders
  An ufetubus (D:4)
  3 worms (D:2)
  A dart slug (D:2)
  11 orcs
  7 ball pythons
  9 endoplasms
  2 giant cockroaches
  7 goblins
  4 hobgoblins
  2 jackals (D:5)
  2 quokkas
  11 bats
  2 frilled lizards
  16 kobolds
  3 rats
108 creatures vanquished.

Vanquished Creatures (others)
  5 fungi (D:2)
  10 toadstools (D:2)
15 creatures vanquished.

Grand Total: 123 creatures vanquished

Notes
Turn   | Place    | Note
-------+----------+-------------------------------------------
     0 | D:1      | Zeld the Minotaur Berserker began the quest for the Orb.
     0 | D:1      | Reached XP level 1. HP: 19/19 MP: 0/0
   283 | D:1      | Reached XP level 2. HP: 27/27 MP: 1/1
   343 | D:1      | Reached skill level 4 in Axes
   359 | D:1      | Found Delazad's Antique Armour Shoppe.
  1020 | D:2      | Reached XP level 3. HP: 32/33 MP: 2/2
  1286 | D:3      | Reached ** piety under Trog
  1311 | D:2      | Reached XP level 4. HP: 34/41 MP: 3/3
  1448 | D:2      | Found a faded altar of an unknown god.
  2235 | D:2      | Reached skill level 5 in Axes
  2242 | D:2      | Reached skill level 5 in Fighting
  2242 | D:2      | Reached XP level 5. HP: 45/48 MP: 4/4
  3039 | D:3      | Reached *** piety under Trog
  3159 | D:3      | Noticed Natasha
  3177 | D:3      | Killed Natasha
  3520 | D:3      | Reached XP level 6. HP: 55/56 MP: 5/5
  3574 | D:3      | Noticed Natasha
  3587 | D:3      | Killed Natasha
  3952 | D:3      | Noticed Natasha
  3959 | D:3      | Killed Natasha
  4094 | D:4      | Identified the +1 ring mail of Lovaevin {+Blink rN+ Str+3
                  | Dex-5}
  4248 | D:4      | Reached skill level 6 in Axes
  4935 | D:4      | Reached XP level 7. HP: 41/63 MP: 6/6
  5151 | D:4      | Found a burning altar of Makhleb.
  5372 | D:5      | Entered Level 5 of the Dungeon
  5411 | D:5      | HP: 3/64 [orc warrior/+0 trident (4)]
  6305 | D:4      | Reached skill level 7 in Axes
  6614 | D:5      | HP: 3/96 [orc warrior/+0 trident (7)]
  6615 | D:5      | Demolished by an orc warrior

Illustrated notes

Levels and vault maps discovered:
D:1:      dpeg_arrival_boxorama, layout_loops_ring, serial_shops, shop
D:2:      cheibrodos_fertilizer, layout_loops_ring,
          hellmonk_ecumenical_altar_zigzags
D:3:      layout_rooms, uniq_natasha
D:4:      layout_gridville, bloody_makhleb
D:5:      layout_rooms, st_stairs_2

Skill      XL: |  1  2  3  4  5  6  7 |
---------------+----------------------+-----
Fighting       | 4 5 6 |  6.9
Axes           | 4 5 6 7 |  7.0
Armour         | 3 4 |  4.7
Dodging        | 3 4 |  4.2

Action                   |  1- 3 |  4- 6 |  7- 9 || total
-------------------------+-------+-------+-------++-------
Melee: Hand axe          |    55 |   188 |    49 ||   292
       Headbutt          |    10 |    22 |    14 ||    46
       Punch             |     1 |     2 |     1 ||     4
Invok: Berserk           |       |     1 |     1 ||     2
 Stab: Sleeping          |     1 |     1 |       ||     2
Armor: Animal skin       |     8 |    21 |       ||    29
       Ring mail         |       |    27 |    23 ||    50
Dodge: Dodged            |    30 |   107 |    44 ||   181
